 Dungeon Crawl Stone Soup version 0.31.0-11-ge490571c62 (webtiles) character file.

Game seed: 5715282740951735574

10620 Arcadio the Thaumaturge (level 11, -5/54 HPs)
             Began as a Deep Elf Earth Elementalist on Jan 31, 2024.
             Was an Elder of Sif Muna.
             Slain by a basilisk (7 damage)
             ... while petrified by a basilisk
             ... on level 11 of the Dungeon.
             The game lasted 00:24:04 (13386 turns).

Arcadio the Thaumaturge (DEEE)                     Turns: 13386, Time: 00:24:05

Health: -5/54      AC: 13    Str:  5    XL:     11   Next: 38%
Magic:  34/37      EV:  2    Int: 25    God:    Sif Muna [****..]
Gold:   1179       SH:  0    Dex: 15    Spells: 18/33 levels left

rFire   . . .        n - +0 rapier
rCold   . . .        (no shield)
rNeg    + + +        a - +0 robe
rPois   ∞            (no helmet)
rElec   .            h - +0 cloak
rCorr   .            Q - +2 pair of gloves
SInv    .            g - +2 pair of boots
Will    +....        d - amulet of faith
Stlth   ++           f - ring of magical power
HPRegen 0.29/turn    m - +4 ring of protection
MPRegen 0.25/turn

%: faith
@: petrified
A: no striking features
a: Renounce Religion, Channel Magic, Forget Spell, Divine Exegesis


You were on level 11 of the Dungeon.
You worshipped Sif Muna.
Sif Muna was greatly pleased with you.
You visited 3 branches of the dungeon, and saw 13 of its levels.
You also visited: Ossuary.

You collected 1179 gold pieces.

Inventory:

Hand Weapons
 e - a +0 short sword
 n - a +0 rapier (weapon)
Armour
 a - a +0 robe (worn)
 g - a +2 pair of boots (worn)
 h - a +0 cloak (worn)
 L - a +0 pair of gloves
 Q - a +2 pair of gloves (worn)
Jewellery
 d - an amulet of faith (around neck)
 f - a ring of magical power (left hand)
 k - a ring of see invisible
 m - a +4 ring of protection (right hand)
 N - a ring of willpower
 R - a ring of protection from cold
Wands
 G - a wand of roots (4)
 H - a wand of paralysis (10)
 K - a wand of mindburst (17)
 M - a wand of flame (26)
 T - a wand of light (2)
Scrolls
 i - a scroll of poison
 j - 4 scrolls of vulnerability
 l - 3 scrolls of immolation
 o - 2 scrolls of enchant weapon {unknown}
 p - 3 scrolls of blinking {unknown}
 s - 4 scrolls of fog {unknown}
 u - a scroll of torment {unknown}
 y - 6 scrolls of teleportation
 A - a scroll of enchant armour
 B - 4 scrolls of amnesia {unknown}
 C - a scroll of silence {unknown}
 P - a scroll of acquirement {unknown}
Potions
 b - a potion of magic
 c - 5 potions of heal wounds
 q - 4 potions of degeneration {unknown}
 t - 4 potions of curing
 v - 2 potions of lignification
 w - 3 potions of haste
 x - 4 potions of attraction
 z - a potion of might {unknown}
 D - a potion of cancellation {unknown}
 E - 2 potions of resistance
 F - 3 potions of brilliance {unknown}
 I - 4 potions of mutation {unknown}
 J - a potion of enlightenment {unknown}
 O - a potion of ambrosia {unknown}
Miscellaneous
 S - a phantom mirror


   Skills:
 + Level 10.9 Dodging
 - Level 2.4 Stealth
 + Level 11.9 Spellcasting
 + Level 9.8 Conjurations
 * Level 11.0 Earth Magic


You had 18 spell levels left.
You knew the following spells:

 Your Spells              Type           Power      Damage    Failure   Level
a - Sandblast             Erth           100%       2d20      1%          1
b - Stone Arrow           Conj/Erth      100%       3d13      1%          3
c - Brom's Barrelling Bo  Conj/Erth      61%        2d8       1%          4
d - Petrify               Alch/Erth      42%        N/A       4%          4
e - Passwall              Erth           63%        N/A       1%          3

Your spell library contained the following spells:

 Spells                   Type           Power      Damage    Failure   Level
 Foxfire                  Conj/Fire      100%       2x1d9     1%          1
 Call Canine Familiar     Summ           14%        N/A       12%         3
 Sigil of Binding         Hex            14%        N/A       12%         3
 Borgnjor's Vile Clutch   Necr/Erth      21%        N/A       12%         5
 Animate Dead             Necr           14%        N/A       38%         4
 Dimensional Bullseye     Hex/Tloc       7%         N/A       38%         4
 Manifold Assault         Tloc           14%        N/A       38%         4
 Starburst                Conj/Fire      19%        6d7       63%         6
 Death Channel            Necr           7%         N/A       99%         6
 Dispersal                Tloc           7%         N/A       99%         6
 Plasma Beam              Fire/Air       7%         2x1d17    99%         6
 Disjunction              Tloc           7%         N/A       100%        8


Dungeon Overview and Level Annotations

Branches:
Dungeon (11/15)            Temple (1/1) D:4            Lair (0/5) D:11
    Orc (1/2) D:10        Ossuary (visited)

Altars:
Ashenzari
Cheibriados
Dithmenos
Elyvilon
Fedhas
Gozag
Hepliaklqana
Kikubaaqudgha
Makhleb
Nemelex Xobeh
Okawaru
Qazlal
Ru
Sif Muna
Trog
Uskayaw
Vehumet
Wu Jian
Xom
Yredelemnul
Zin
The Shining One

Shops:
D:4 *   D:6 (


Message History

Your boulder slams into a wall and explodes!
The rocky shrapnel hits the komodo dragon but does no damage.
The komodo dragon is severely wounded.
The komodo dragon bites the plant.
The basilisk bites the plant!
The komodo dragon bites the plant!
A nearby plant withers and dies. x2; The komodo dragon bites the plant.
The plant begins to die.
A nearby plant withers and dies.
The basilisk gazes at you.
You are slowing down.
The komodo dragon bites the plant.
Your limbs are stiffening.
Casting: Brom's Barrelling Boulder (dangerous; 1% risk of failure)
Confirm with . or Enter, or press ? or * to list all spells.
Aiming: Stone Arrow (safe; 1% risk of failure)
Press: ? - help, Shift-Dir - straight line, f/p - komodo dragon
Aim: a komodo dragon (severely wounded, 84% to hit)
The stone arrow hits the komodo dragon!!
You kill the komodo dragon!
Sif Muna accepts your kill.
A yak comes into view.
The basilisk gazes at you.
You easily resist.
The yak moves out of view.
You have turned to stone.
A nearby plant withers and dies.
The basilisk bites you but does no damage.
The komodo dragon bites you! The basilisk bites you!
The komodo dragon bites you! The basilisk bites you!
The komodo dragon bites you!! The basilisk completely misses you.
The komodo dragon bites you!
The basilisk bites you but does no damage.
The komodo dragon bites you!!
* * * LOW HITPOINT WARNING * * *
The basilisk bites you but does no damage.
The komodo dragon bites you.
* * * LOW HITPOINT WARNING * * *
The basilisk gazes at you.
You easily resist.
The komodo dragon bites you but does no damage.
The basilisk bites you!
You die... #.#..PPPPP# #.#.#PPPP.?P# #.#...PP.>.P# .[...PP..PP# #.......PP# #..P..P.PP# #......PPP# #..llPPP#

#...@PPP# ##....P##
##### ##...## .<..#
##...# ##
###.#############..#...#
###.##.................#
.....#.######.######...#
#....#.## #.# #.##
....(.#.#####.# .#


You could see a komodo dragon and a basilisk.

Vanquished Creatures
  A two-headed ogre (D:8)
  A cyclops (D:10)
  Joseph (D:7)
  Jeremiah (D:9)
  An unseen horror (D:10)
  A komodo dragon (D:11)
  2 trolls
  A vampire (D:8)
  A wraith (D:9)
  A shadow (D:10)
  21 yaks
  A warg (Orc:1)
  A steam dragon (D:9)
  3 sky beasts
  7 orc warriors
  3 centaurs
  2 ogres
  2 phantoms
  2 bullfrogs
  4 kobold brigands
  5 elf zombies (Ossuary)
  A gnoll sergeant (D:8)
  3 scorpions
  7 wights
  4 killer bees (D:9)
  4 howler monkeys
  2 jellies
  2 centaur zombies (Ossuary)
  3 hounds
  3 human zombies (Ossuary)
  7 orc priests
  A sleepcap (D:6)
  4 iguanas
  10 orc wizards
  A crocodile zombie (Ossuary)
  3 mummies (Ossuary)
  6 gnolls
  7 adders
  2 shadow imps (D:5)
  2 white imps (D:7)
  4 dart slugs
  2 ribbon worms (D:3)
  35 orcs
  8 bats
  7 endoplasms
  5 giant cockroaches
  7 goblins
  5 hobgoblins
  4 jackals (D:1)
  3 quokkas
  13 ball pythons
  A frilled lizard (D:3)
  14 kobolds
  9 rats
251 creatures vanquished.

Vanquished Creatures (collateral kills)
  A boulder (D:9)
1 creature vanquished.

Vanquished Creatures (others)
  A boulder (D:11)
1 creature vanquished.

Grand Total: 253 creatures vanquished

Notes
Turn   | Place    | Note
-------+----------+-------------------------------------------
     0 | D:1      | Arcadio the Deep Elf Earth Elementalist began the quest for
                  | the Orb.
     0 | D:1      | Reached XP level 1. HP: 10/10 MP: 6/6
   155 | D:1      | Reached XP level 2. HP: 15/15 MP: 6/8
   486 | D:1      | Reached XP level 3. HP: 19/19 MP: 10/10
   501 | D:1      | Learned a level 3 spell: Stone Arrow
  2606 | D:3      | Reached XP level 4. HP: 24/24 MP: 11/11
  2980 | D:3      | Found a faded altar of an unknown god.
  3211 | D:4      | Found a shimmering altar of Xom.
  3226 | D:4      | Noticed a scorpion
  3234 | D:4      | Killed a scorpion
  3235 | D:4      | Reached XP level 5. HP: 23/28 MP: 8/13
  3521 | D:4      | Noticed an ogre
  3526 | D:4      | Killed an ogre
  3527 | D:4      | Reached XP level 6. HP: 32/32 MP: 15/15
  3681 | D:4      | Found a sand-covered staircase.
  3685 | Ossuary  | Entered an ossuary
  3696 | Ossuary  | Reached skill level 5 in Spellcasting
  3857 | Ossuary  | Reached skill level 5 in Earth Magic
  3867 | Ossuary  | Reached skill level 5 in Dodging
  3867 | Ossuary  | Reached XP level 7. HP: 31/36 MP: 13/17
  3872 | Ossuary  | Learned a level 4 spell: Brom's Barrelling Boulder
  3877 | Ossuary  | Learned a level 4 spell: Petrify
  3881 | Ossuary  | Learned a level 3 spell: Passwall
  4402 | D:4      | Found Buok Fac's Lightly-Used Armoury.
  4595 | D:4      | Found a staircase to the Ecumenical Temple.
  4603 | Temple   | Entered the Ecumenical Temple
  4674 | Temple   | Became a worshipper of Sif Muna the Loreminder
  4762 | D:4      | Reached skill level 5 in Conjurations
  4909 | D:4      | Identified the +9 ring mail of Dim Light {*Corrode Will+
                  | Str+3}
  5111 | D:4      | Found an ornate altar of the Wu Jian Council.
  5153 | D:5      | Entered Level 5 of the Dungeon
  5202 | D:5      | Reached XP level 8. HP: 41/41 MP: 10/20
  5932 | D:5      | Found a bloodstained altar of Trog.
  6006 | D:5      | Found an iron altar of Okawaru.
  6580 | D:6      | Found a glowing golden altar of the Shining One.
  6609 | D:6      | Found Maxejuex's Weapon Shop.
  7182 | D:7      | Reached * piety under Sif Muna
  7428 | D:7      | Reached XP level 9. HP: 45/45 MP: 23/23
  7544 | D:7      | Noticed a two-headed ogre
  7580 | D:7      | Noticed Joseph
  7587 | D:7      | Killed Joseph
  7922 | D:8      | Identified the +3 falchion of Wotelun {flame, Will+ Str+2
                  | Dex-4}
  8339 | D:8      | Noticed a two-headed ogre
  8347 | D:8      | Killed a two-headed ogre
  8430 | D:8      | Reached ** piety under Sif Muna
  9170 | D:8      | Reached XP level 10. HP: 50/50 MP: 23/25
  9311 | D:9      | Noticed Jeremiah
  9330 | D:9      | Killed Jeremiah
  9331 | D:9      | Reached skill level 10 in Spellcasting
 10512 | D:9      | Reached skill level 10 in Dodging
 11161 | D:10     | Entered Level 10 of the Dungeon
 11253 | D:10     | Reached *** piety under Sif Muna
 11262 | D:10     | Reached skill level 10 in Earth Magic
 11496 | D:10     | Reached XP level 11. HP: 53/54 MP: 3/28
 12155 | D:10     | Reached **** piety under Sif Muna
 12588 | D:10     | Found a staircase to the Orcish Mines.
 13126 | Orc:1    | Entered Level 1 of the Orcish Mines
 13134 | Orc:1    | Noticed an orc warlord
 13146 | Orc:1    | Noticed an orc sorcerer
 13368 | D:11     | Found a staircase to the Lair.
 13383 | D:11     | HP: 2/54 [komodo dragon (11)]
 13386 | D:11     | Slain by a basilisk

Illustrated notes

Levels and vault maps discovered:
D:1:      saegor_arrival_simple_e, layout_basic, chequers_hall_statues_corner_a
D:2:      layout_basic
D:3:      layout_basic, shapermc_ecumenical_altar_notcrosses,
          hangedman_decor_clover_reticule, minmay_close_crescents
D:4:      layout_basic, lemuel_coloured_pillars_altar,
          overflow_temple_1_default, minmay_temple_entry_tees, enter_ossuary_5,
          minmay_misc_feat_chi, kennysheep_nub, minmay_shop_damaged
D:5:      layout_loops_ring, kennysheep_little_box, lemuel_round_altar
D:6:      layout_basic, mainiacjoe_overflow_alcove_1, serial_shops,
          nicolae_shop_behind_doors, serial_co_window_serial,
          co_window_corner_a, co_window_corner_a, co_window_paths_a,
          co_window_of_opportunity_a, co_window_corner_a, co_window_2corner,
          co_window_broadway_c, co_window_2corner, co_window_4corner_a
D:7:      layout_basic, uniq_joseph
D:8:      layout_basic, serial_corexii_hall, corexii_hall_statues_deadend,
          chequers_hall_statues_y, corexii_hall_statues_s
D:9:      layout_loops_ring, nrook_campfire, uniq_jeremiah
D:10:     layout_long_grid, erik_orc_3
D:11:     layout_loops_ring, david_lair_shrubbed
Temple:   minmay_temple_bridge_d
Orc:1:    layout_caves, serial_shops, shop_fountains, basic_altar, uniq_harold

Skill      XL: |  1  2  3  4  5  6  7  8  9 10 11 |
---------------+----------------------------------+-----
Dodging        | 3 4 5 6 7 9 10 | 10.9
Conjurations   | 2 3 4 5 6 7 9 |  9.8
Spellcasting   | 4 5 6 8 9 11 | 11.9
Earth Magic    | 4 5 6 7 8 10 11 | 11.0
Stealth        | |  2.4

Action                     |  1- 3 |  4- 6 |  7- 9 | 10-12 || total
---------------------------+-------+-------+-------+-------++-------
  Melee: Short sword       |    85 |       |       |       ||    85
         Rapier            |    13 |    17 |    28 |    26 ||    84
         Punch             |     2 |       |       |       ||     2
   Cast: Sandblast         |    31 |    47 |     3 |     2 ||    83
         Stone Arrow       |       |     5 |   159 |   163 ||   327
         Brom's Barrelling |       |       |     2 |     2 ||     4
    Use: Scroll            |       |     4 |     5 |     5 ||    14
   Stab: Sleeping          |     6 |       |       |       ||     6
 Armour: Robe              |    52 |    43 |    31 |    77 ||   203
  Dodge: Dodged            |    83 |    40 |    47 |    83 ||   253
